 Dungeon Crawl Stone Soup version 0.32-a0-163-g159c032296 (webtiles) character file.

Game seed: 5898618416676963282

116 Vaamat the Ruffian (level 5, -1/67 HPs)
             Began as a Naga Shapeshifter on Feb 11, 2024.
             Slain by a gnoll
             ... wielding a +0 halberd
              (8 damage)
             ... on level 3 of the Dungeon.
             The game lasted 00:05:04 (2465 turns).

Vaamat the Ruffian (Naga Shapeshifter)              Turns: 2465, Time: 00:05:05

Health: -1/67      AC: 22    Str: 19    XL:     5   Next: 1%
Magic:  1/5        EV:  1    Int: 10    God:
Gold:   44         SH:  0    Dex: 10    Spells: 3/4 levels left

rFire   . . .        m - +2 trident (freeze)
rCold   + . .        (no shield)
rNeg    . . .        g - melded +0 leather armour
rPois   +            (helmet currently unavailable)
rElec   .            (cloak currently unavailable)
rCorr   .            (gloves currently unavailable)
SInv    +            (no barding)
Will    .....        (no amulet)
Stlth   +            o - ring of protection from cold
HPRegen 0.31/turn    (no ring)
MPRegen 0.09/turn

%: no passive effects
@: tree-form, very slightly contaminated
A: stationary, stasis, torment immunity, boosted hp, AC +1, large, see
invisible, (deformed body), (poison resistance), (slowness 2), spit poison 1,
(naga tail 1)
a: Spit Poison


You were on level 3 of the Dungeon.
You were a tree.
You visited 1 branch of the dungeon, and saw 3 of its levels.

You collected 92 gold pieces.
You spent 48 gold pieces at shops.

Inventory:

Hand Weapons
 f - a +0 quarterstaff
 m - a +2 trident of freezing (weapon)
Armour
 a - a +0 animal skin
 g - a +0 leather armour (melded)
 i - a +0 pair of boots
Jewellery
 e - a ring of flight
 o - a ring of protection from cold (left branch)
Talismans
 c - a beast talisman
 d - a flux talisman
Scrolls
 j - a scroll of identify {unknown}
 n - 2 scrolls of revelation {unknown}
 p - a scroll of fear {unknown}
Potions
 b - a potion of lignification
 h - 2 potions of enlightenment {unknown}
 k - a potion of degeneration
 l - a potion of curing


   Skills:
 + Level 2.2 Fighting
 + Level 2.3 Dodging
 + Level 3.6 Unarmed Combat
 + Level 1.2 Conjurations
 + Level 3.5 Shapeshifting


You had 3 spell levels left.
You knew the following spells:

 Your Spells              Type           Power      Damage    Failure   Level
a - Foxfire               Conj/Fire      4%         2x1d4     30%         1

Your spell library contained the following spells:

 Spells                   Type           Power      Damage    Failure   Level
 Dazzling Flash           Conj/Hex       2%         N/A       65%         3
 Volatile Blastmotes      Fire/Tloc      0%         2d10      75%         3
 Plasma Beam              Fire/Air       0%         2x1d10    100%        6
 Starburst                Conj/Fire      0%         6d3       100%        6
 Maxwell's Capacitive Co  Air            0%         ∞         100%        8


Dungeon Overview and Level Annotations

Branches:
Dungeon (3/15)

Altars:

Shops:
D:2 !


Innate Abilities, Weirdness & Mutations

You are a tree.
Your roots penetrate the ground, keeping you stationary.
You cannot be teleported.
You are immune to unholy pain and torment.
Your maximum health is greatly increased.
Your equipment is partially melded.
((Your serpentine skin is tough. (AC +1)))
You have supernaturally acute eyesight. (SInv)
((Armour fits poorly on your strangely shaped body.))
((Your system is resistant to poisons. (rPois)))
((You cover ground very slowly.))
You can spit poison.
((You have a snake-like lower body.))


Message History

Press: ? - help, Shift-Dir - straight line, f - gnoll, p - gnoll
Aim: a gnoll, wielding a +0 club (65% to hit)
The splash of poison hits the rat.
You kill the rat!
The gnoll hits you from afar with a +0 halberd.
* * * LOW HITPOINT WARNING * * *
The gnoll hits you but does no damage.
You cannot move.
You cannot move.
Casting: Foxfire (safe; 30% risk of failure)
Confirm with . or Enter, or press ? or * to list all spells.
You conjure some foxfire!
The gnoll hits you but does no damage. x2
Unknown command.
Casting: Foxfire (safe; 30% risk of failure)
Confirm with . or Enter, or press ? or * to list all spells.
You conjure some foxfire!
The foxfire hits the gnoll but does no damage.
The gnoll is severely wounded.
The gnoll hits you but does no damage.
An orc comes into view. It is wielding a +0 club.
The gnoll hits you but does no damage.
Casting: Foxfire (safe; 30% risk of failure)
Confirm with . or Enter, or press ? or * to list all spells.
You miscast Foxfire.
You are very lightly contaminated with residual magic.
Nothing appears to happen.
The foxfire hits the gnoll but does no damage. x2
The foxfire hits the gnoll.
The gnoll is lightly wounded.
The gnoll hits you but does no damage. The gnoll hits you with a +0 club.
* * * LOW HITPOINT WARNING * * *
The gnoll hits you from afar with a +0 halberd.
* * * LOW HITPOINT WARNING * * *
Casting: Foxfire (safe; 30% risk of failure)
Confirm with . or Enter, or press ? or * to list all spells.
You conjure some foxfire!
You have got your breath back.
A ball python comes into view.
The gnoll hits you from afar with a +0 halberd!
You die...

# .# #..#..# ....
##..# .S#..###....
..... o...........
....# ...........
(.... .## #.....##...
###.# ....##
#.......... # #
#...##.ggg......
#....vg....... .. ###
##....♣....... . .#
#......#†.§v......
.#.#
#.######..†.......
##.# #.# #####)...####
##.# #.# ##......#..#
.#.####.###..#######[#
............## .#
........##### #
..........##


You could see 4 gnolls, an orc and a ball python (distracted).

Vanquished Creatures
  Jessica (D:2)
  A gnoll (D:1)
  2 adders (D:2)
  2 dart slugs
  2 ribbon worms
  A ball python (D:1)
  8 endoplasms
  7 giant cockroaches
  4 goblins
  3 hobgoblins
  A kobold (D:3)
  4 quokkas (D:1)
  5 bats
  4 frilled lizards (D:1)
  6 rats
51 creatures vanquished.

Vanquished Creatures (others)
  4 foxfires (D:3)
4 creatures vanquished.

Grand Total: 55 creatures vanquished

Notes
Turn   | Place    | Note
-------+----------+-------------------------------------------
     0 | D:1      | Vaamat the Naga Shapeshifter began the quest for the Orb.
     0 | D:1      | Reached XP level 1. HP: 18/18 MP: 1/1
   197 | D:1      | Reached XP level 2. HP: 19/25 MP: 2/2
   565 | D:1      | Reached XP level 3. HP: 18/32 MP: 3/3
   567 | D:1      | Learned a level 1 spell: Foxfire
   896 | D:1      | Found a faded altar of an unknown god.
  1317 | D:2      | Reached XP level 4. HP: 11/39 MP: 4/4
  1521 | D:2      | Found Wuqera Cufirch's Distillery.
  1543 | D:2      | Bought a potion of degeneration for 12 gold pieces
  1543 | D:2      | Bought a potion of curing for 36 gold pieces
  1810 | D:2      | Noticed Jessica
  1812 | D:2      | Killed Jessica
  1813 | D:2      | Reached skill level 1 in Conjurations
  2448 | D:3      | Reached XP level 5. HP: 45/45 MP: 5/5
  2465 | D:3      | Slain by a gnoll

Illustrated notes

Levels and vault maps discovered:
D:1:      kennysheep_arrival_seaside, layout_basic,
          hellmonk_ecumenical_altar_defaced_shrine, minmay_fountain_box
D:2:      layout_basic, serial_shops, nicolae_shop_industrial_runoff,
          uniq_jessica
D:3:      layout_rooms, grunt_gozag_statues

Skill      XL: |  1  2  3  4 |
---------------+-------------+-----
Dodging        | 2 |  2.3
Fighting       | 2 |  2.2
Conjurations   | 1 |  1.2
Unarmed Combat | |  3.6
Shapeshifting  | |  3.5

Action                     |  1- 3 |  4- 6 || total
---------------------------+-------+-------++-------
  Melee: Quarterstaff      |    72 |    26 ||    98
         Unarmed           |     2 |       ||     2
         Trident           |       |    22 ||    22
   Cast: Foxfire           |       |     3 ||     3
Ability: Spit Poison       |     1 |     3 ||     4
    Use: Potion            |       |     1 ||     1
   Stab: Distracted        |     1 |       ||     1
         Sleeping          |       |     1 ||     1
 Armour: Leather armour    |    55 |    31 ||    86
         Skin              |       |    12 ||    12
  Dodge: Dodged            |    39 |    21 ||    60

Table legend: (Time is in decaauts)
 A = Elapsed time spent in this place.
 B = Non-inter-level travel time spent in this place.
 C = Inter-level travel time spent in this place.
 D = Time resting spent in this place.
 E = Time spent auto-exploring this place.
 F = Levels seen in this place.
 G = Mean time per level.
                   A        B        C        D        E       F      G
               +--------+--------+--------+--------+--------+-----+--------+
         Total |   3202 |   3038 |    164 |    200 |   2394 |   3 | 1067.3 |
       Dungeon |   3202 |   3038 |    164 |    200 |   2394 |   3 | 1067.3 |
               +--------+--------+--------+--------+--------+-----+--------+

Top non-repeatable levels by time:
     D:1: 1607 daAuts
     D:2: 1273 daAuts
     D:3: 321 daAuts
